 Dungeon Crawl Stone Soup version 0.30-a0-879-ga8ba668304 (webtiles) character file.

Game seed: 7189439931660548267

261 Maxmaps the Skirmisher (level 6, 0/51 HPs)
             Began as a Gnoll Hunter on Mar 12, 2023.
             Was an Initiate of Cheibriados.
             Slain by an endoplasm (2 damage)
             ... on level 4 of the Dungeon.
             The game lasted 00:02:08 (2695 turns).

Maxmaps the Skirmisher (Gnoll Hunter)               Turns: 2695, Time: 00:02:08

Health: 0/51       AC:  6    Str: 11    XL:     6   Next: 18%
Magic:  8/8        EV: 10    Int: 11    God:    Cheibriados [......]
Gold:   350        SH:  0    Dex: 17    Spells: 8/8 levels left

rFire   . . .      SeeInvis .    a - +0 shortbow
rCold   . . .      Faith    .    (shield currently unavailable)
rNeg    . . .      Spirit   .    m - +0 scale mail
rPois   .          Reflect  .    (no helmet)
rElec   .          Rampage  .    (no cloak)
rCorr   .                        (no gloves)
Will    +....                    (no boots)
Stlth   +                        (no amulet)
HPRegen 0.28/turn                s - ring of willpower
MPRegen 0.11/turn                o - +4 ring of slaying

@: very slow
A: fangs 1, strong nose, distributed training
a: Renounce Religion


You were on level 4 of the Dungeon.
You worshipped Cheibriados.
Cheibriados was noncommittal.
You visited 2 branches of the dungeon, and saw 5 of its levels.

You collected 350 gold pieces.

Inventory:

Hand Weapons
 a - a +0 shortbow (weapon)
Armour
 c - a +0 leather armour
 m - a +0 scale mail (worn)
Jewellery
 e - a ring of positive energy
 o - a +4 ring of slaying (right hand)
 s - a ring of willpower (left hand)
Scrolls
 b - 3 scrolls of immolation
 d - 5 scrolls of identify
 f - a scroll of enchant armour {unknown}
 j - a scroll of amnesia {unknown}
 k - 3 scrolls of magic mapping {unknown}
 n - 2 scrolls of fog {unknown}
 q - a scroll of silence {unknown}
 t - a scroll of poison {unknown}
 u - a scroll of teleportation {unknown}
Potions
 g - a potion of curing
 h - a potion of attraction {unknown}
 i - a potion of brilliance {unknown}
 l - a potion of lignification {unknown}
 p - a potion of haste {unknown}
 r - a potion of mutation {unknown}
 v - a potion of might {unknown}


   Skills:
 + Level 5.0 Fighting
 + Level 1.9 Short Blades
 + Level 1.9 Long Blades
 + Level 1.9 Axes
 + Level 1.9 Maces & Flails
 + Level 1.9 Polearms
 + Level 1.9 Staves
 + Level 8.7 Ranged Weapons
 + Level 1.9 Throwing
 + Level 1.9 Armour
 + Level 5.0 Dodging
 + Level 3.0 Stealth
 + Level 1.9 Shields
 + Level 1.9 Unarmed Combat
 + Level 1.9 Spellcasting
 + Level 1.5 Conjurations
 + Level 1.5 Hexes
 + Level 1.5 Summonings
 + Level 1.5 Necromancy
 + Level 1.5 Translocations
 + Level 1.5 Transmutations
 + Level 1.5 Fire Magic
 + Level 1.5 Ice Magic
 + Level 1.5 Air Magic
 + Level 1.5 Earth Magic
 + Level 1.5 Poison Magic
 + Level 2.1 Invocations
 + Level 1.9 Evocations


You had 8 spell levels left.
You didn't know any spells.
Your spell library contained the following spells:

 Spells                   Type           Power      Damage    Failure   Level
 Sublimation of Blood     Necr           4%         N/A       80%         2
 Wereblood                Tmut           4%         N/A       80%         2
 Summon Hydra             Summ           2%         N/A       100%        7


Dungeon Overview and Level Annotations

Branches:
Dungeon (4/15)             Temple (1/1) D:4

Altars:
Ashenzari
Cheibriados
Dithmenos
Elyvilon
Fedhas
Kikubaaqudgha
Makhleb
Nemelex Xobeh
Okawaru
Qazlal
Ru
Trog
Uskayaw
Xom
Zin
The Shining One


Innate Abilities, Weirdness & Mutations

You have very sharp teeth.
Your uncanny sense of smell can sniff out nearby items.
Your experience applies equally to all skills.


Message History

The ogre is heavily wounded.
The endoplasm completely misses you. The ogre hits you with a +0 giant club!
* * * LOW HITPOINT WARNING * * *
As you read the scroll labelled UZE CIJASICS, it crumbles to dust.
It is a scroll of identify.
g - 2 potions of curing The endoplasm freezes you.
You are frozen.
* * * LOW HITPOINT WARNING * * *
You feel better. The ogre closely misses you. The endoplasm closely misses you.
Fire: a) +0 shortbow
Press: ? - help, Q - select action Shift-Dir - straight line, f/p - ogre
Aim: an ogre, wielding a +0 giant club (heavily wounded, 81% to hit)
You shoot an arrow. The arrow hits the ogre.
The ogre is heavily wounded.
The endoplasm hits you. The ogre closely misses you.
The endoplasm hits you but does no damage.
Fire: a) +0 shortbow
Press: ? - help, Q - select action Shift-Dir - straight line, f/p - ogre
Aim: an ogre, wielding a +0 giant club (heavily wounded, 81% to hit)
You shoot an arrow. The arrow hits the ogre.
The ogre is severely wounded.
The endoplasm barely misses you.
The ogre hits you with a +0 giant club!!
* * * LOW HITPOINT WARNING * * *
Fire: a) +0 shortbow
Press: ? - help, Q - select action Shift-Dir - straight line, f/p - ogre
Aim: an ogre, wielding a +0 giant club (severely wounded, 81% to hit)
You shoot an arrow. The arrow hits the ogre.
The ogre is almost dead.
The endoplasm closely misses you. The ogre misses you.
Fire: a) +0 shortbow
Press: ? - help, Q - select action Shift-Dir - straight line, f/p - ogre
Aim: an ogre, wielding a +0 giant club (almost dead, 81% to hit)
You shoot an arrow. The arrow hits the ogre.
You kill the ogre!
Cheibriados appreciates the change of pace.
The endoplasm hits you but does no damage.
The endoplasm hits you.
You die...

#......................
#......................
##.....................
#......................
#....................#.
#####.#.......... .
##.###.#.......... .
#...#......)...#
#.........@J..##
#..#...#.#.#).#
############..# . ... #
.). .. .


You could see an endoplasm.

Vanquished Creatures
  An ogre (D:4)
  4 orc priests
  2 orc wizards (D:4)
  3 adders (D:2)
  A worm (D:2)
  4 orcs
  9 ball pythons
  8 endoplasms
  A giant cockroach (D:4)
  6 goblins (D:1)
  2 hobgoblins
  3 quokkas
  A bat (D:3)
  5 frilled lizards
  12 kobolds
  4 rats
66 creatures vanquished.

Vanquished Creatures (others)
  6 fungi (D:3)
  3 toadstools (D:3)
9 creatures vanquished.

Grand Total: 75 creatures vanquished

Notes
Turn   | Place    | Note
-------+----------+-------------------------------------------
     0 | D:1      | Maxmaps the Gnoll Hunter began the quest for the Orb.
     0 | D:1      | Reached XP level 1. HP: 20/20 MP: 1/1
    81 | D:1      | Reached XP level 2. HP: 26/26 MP: 2/2
   377 | D:1      | Found a faded altar of an unknown god.
   440 | D:1      | Reached XP level 3. HP: 31/31 MP: 3/3
   632 | D:2      | Reached skill level 1 in Invocations
   647 | D:2      | Reached skill level 1 in Short Blades
   647 | D:2      | Reached skill level 1 in Long Blades
   647 | D:2      | Reached skill level 1 in Axes
   647 | D:2      | Reached skill level 1 in Maces & Flails
   647 | D:2      | Reached skill level 1 in Polearms
   647 | D:2      | Reached skill level 1 in Staves
   647 | D:2      | Reached skill level 1 in Throwing
   647 | D:2      | Reached skill level 1 in Armour
   647 | D:2      | Reached skill level 1 in Shields
   647 | D:2      | Reached skill level 1 in Unarmed Combat
   647 | D:2      | Reached skill level 1 in Spellcasting
   647 | D:2      | Reached skill level 1 in Evocations
   837 | D:2      | Reached XP level 4. HP: 38/38 MP: 5/5
  1301 | D:3      | Reached skill level 1 in Conjurations
  1301 | D:3      | Reached skill level 1 in Hexes
  1301 | D:3      | Reached skill level 1 in Summonings
  1301 | D:3      | Reached skill level 1 in Necromancy
  1301 | D:3      | Reached skill level 1 in Translocations
  1301 | D:3      | Reached skill level 1 in Transmutations
  1301 | D:3      | Reached skill level 1 in Fire Magic
  1301 | D:3      | Reached skill level 1 in Ice Magic
  1301 | D:3      | Reached skill level 1 in Air Magic
  1301 | D:3      | Reached skill level 1 in Earth Magic
  1301 | D:3      | Reached skill level 1 in Poison Magic
  1914 | D:4      | Found a staircase to the Ecumenical Temple.
  1920 | D:4      | Reached XP level 5. HP: 43/43 MP: 5/7
  1934 | D:4      | HP: 2/43 [orc priest/+0 club (1)]
  1939 | Temple   | Entered the Ecumenical Temple
  2486 | Temple   | Became a worshipper of Cheibriados the Contemplative
  2680 | D:4      | Reached XP level 6. HP: 38/50 MP: 8/8
  2688 | D:4      | Reached skill level 5 in Fighting
  2688 | D:4      | Reached skill level 5 in Dodging
  2693 | D:4      | HP: 1/51 [ogre/+0 giant club (23)]
  2695 | D:4      | Slain by an endoplasm

Illustrated notes

Levels and vault maps discovered:
D:1:      spicycebolla_green_bress_n_ham_2, layout_rooms,
          shapermc_ecumenical_altar_mp_urbaneastern,
          minmay_misc_feat_more_columns, minmay_split_cup_large
D:2:      layout_rooms, hangedman_decor_peaks_small
D:3:      layout_rooms, serial_co_window_serial, co_window_of_opportunity_a,
          co_window_corner_a, co_window_paths_b, co_window_corner_a,
          co_window_of_opportunity_a, co_window_paths_b, co_window_paths_b,
          co_window_unsneaky_path_c, co_window_of_opportunity_c,
          co_window_paths_c, co_window_of_opportunity_b, co_window_broadway_b,
          glass_columns_a, glass_columns_a, glass_columns_b, glass_columns_b,
          minmay_gold_behind_fungi, minmay_misc_feat_cross,
          minmay_close_crescents
D:4:      layout_cave_pools, nicolae_overflow_hidden_temple,
          minmay_temple_entry_hall
Temple:   eino_temple_scatter_basement

Skill      XL: |  1  2  3  4  5  6 |
---------------+-------------------+-----
Invocations    | 1 2 |  2.1
Short Blades   | 1 |  1.9
Long Blades    | 1 |  1.9
Axes           | 1 |  1.9
Maces & Flails | 1 |  1.9
Polearms       | 1 |  1.9
Staves         | 1 |  1.9
Throwing       | 1 |  1.9
Armour         | 1 |  1.9
Shields        | 1 |  1.9
Unarmed Combat | 1 |  1.9
Spellcasting   | 1 |  1.9
Evocations     | 1 |  1.9
Conjurations   | 1 |  1.5
Hexes          | 1 |  1.5
Summonings     | 1 |  1.5
Necromancy     | 1 |  1.5
Translocations | 1 |  1.5
Transmutations | 1 |  1.5
Fire Magic     | 1 |  1.5
Ice Magic      | 1 |  1.5
Air Magic      | 1 |  1.5
Earth Magic    | 1 |  1.5
Poison Magic   | 1 |  1.5
Stealth        | 3 |  3.0
Fighting       | 5 |  5.0
Dodging        | 5 |  5.0
Ranged Weapons | |  8.7

Action                     |  1- 3 |  4- 6 || total
---------------------------+-------+-------++-------
   Fire: Shortbow          |    62 |    79 ||   141
    Use: Scroll            |       |     1 ||     1
         Potion            |       |     1 ||     1
 Armour: Leather armour    |     3 |       ||     3
         Scale mail        |       |    14 ||    14
  Dodge: Dodged            |     3 |    24 ||    27

Table legend: (Time is in decaauts)
 A = Elapsed time spent in this place.
 B = Non-inter-level travel time spent in this place.
 C = Inter-level travel time spent in this place.
 D = Time resting spent in this place.
 E = Time spent auto-exploring this place.
 F = Levels seen in this place.
 G = Mean time per level.
                   A        B        C        D        E       F      G
               +--------+--------+--------+--------+--------+-----+--------+
         Total |   2775 |   2673 |    102 |    337 |   1991 |   5 |  555.0 |
       Dungeon |   2205 |   2126 |     79 |      0 |   1814 |   4 |  551.2 |
        Temple |    570 |    548 |     22 |    337 |    177 |   1 |  570.0 |
               +--------+--------+--------+--------+--------+-----+--------+

Top non-repeatable levels by time:
     D:3: 748 daAuts
     D:1: 584 daAuts
  Temple: 570 daAuts
     D:2: 515 daAuts
     D:4: 356 daAuts
